Pittsburgh Penguins vs San Jose Sharks
Created - Monday, May 27, 2024 at 06:25
Goals
|
| Pittsburgh Penguins |
0 |
2 |
4 |
6 |
| San Jose Sharks |
0 |
2 |
2 |
4 |
|
Shots
|
| Pittsburgh Penguins |
14 |
11 |
17 |
42 |
| San Jose Sharks |
7 |
10 |
12 |
29 |
|
1st period
No Goal
Penalties :
Ryan Johansen (PIT) for Tripping (Minor) at 10:23
2nd period
1. Pittsburgh Penguins , Sam Reinhart 49 (Brian Dumoulin 22, Jean-Gabriel Pageau 46) at 1:41 (PP)
2. San Jose Sharks , Rickard Rakell 27 (Valeri Nichushkin 52, Dmitry Orlov 17) at 6:41
3. Pittsburgh Penguins , Anders Lee 30 (Mattias Ekholm 18) at 13:22
4. San Jose Sharks , Valeri Nichushkin 39 (Ryan Hartman 17) at 19:36
Penalties :
Ryan Hartman (SJS) for Tripping (Minor) at 0:47, Simon Benoit (SJS) for Holding (Minor) at 9:16
3rd period
5. Pittsburgh Penguins , Mitchell Marner 33 (Leon Draisaitl 52) at 3:42 (PP)
6. Pittsburgh Penguins , Gabriel Vilardi 4 (Jordan Eberle 10, Erik Gudbranson 12) at 4:45
7. San Jose Sharks , Zachary Werenski 8 (Cody Glass 1) at 8:00
8. Pittsburgh Penguins , Sam Reinhart 50 (J.J. Moser 11, Jean-Gabriel Pageau 47) at 11:51
9. San Jose Sharks , Ryan Hartman 15 (Dmitry Orlov 18, Dylan Strome 42) at 17:39
10. Pittsburgh Penguins , Leon Draisaitl 29 (Mitchell Marner 43) at 19:56 (Empty Net)
Penalties :
Andreas Athanasiou (SJS) for Boarding (Minor) at 1:43, Derek Forbort (SJS) for Hooking (Minor) at 13:59
Goalie Stats
Akira Schmid (PIT), 25 saves from 29 shots - (0.862), W, 26-12-7, 60:00 minutes
Logan Thompson (SJS), 36 saves from 41 shots - (0.878), L, 7-9-3, 59:11 minutes
Players Stats for Pittsburgh Penguins
Player Name G A P +/- PIM S H SB GA TA FO MP PP MP PK MP
------------------------------------------------------------------------------------
Anders Lee 1 0 1 2 0 5 3 0 0 0 1/1 18:14 3:30 0:02
Brian Dumoulin 0 1 1 -1 0 2 2 2 0 0 0/0 22:02 3:12 0:53
Colton Sissons 0 0 0 1 0 0 1 1 0 0 5/10 7:11 0:00 0:00
Erik Gudbranson 0 1 1 1 0 0 2 1 0 0 0/0 14:33 0:00 0:00
Erik Karlsson 0 0 0 0 0 1 0 2 0 0 0/0 23:25 3:39 1:06
Gabriel Vilardi 1 0 1 1 0 2 0 0 0 0 0/0 7:11 0:00 0:00
J.J. Moser 0 1 1 1 0 1 0 1 0 1 0/0 14:33 0:00 0:00
Jean-Gabriel Pageau 0 2 2 2 0 5 1 1 0 1 12/22 18:03 3:30 0:00
Jordan Eberle 0 1 1 0 0 1 1 0 0 0 0/2 18:17 0:00 0:00
Leon Draisaitl 1 1 2 -2 0 6 4 0 0 0 16/22 20:51 3:21 1:01
Mattias Ekholm 0 1 1 0 0 0 1 4 0 2 0/0 23:25 3:39 1:06
Mitchell Marner 1 1 2 -2 0 2 2 0 0 0 0/2 20:51 3:21 1:01
Pavel Buchnevich 0 0 0 -2 0 1 0 0 0 0 2/2 20:46 3:21 0:56
Phillip Danault 0 0 0 -1 0 4 2 0 0 1 11/16 12:59 0:00 0:02
Ryan Johansen 0 0 0 -1 2 3 2 1 1 0 0/0 12:56 0:00 0:00
Ryan Suter 0 0 0 -1 0 2 0 4 0 1 0/0 22:02 3:12 0:53
Sam Reinhart 2 0 2 2 0 7 1 0 1 1 0/1 18:59 3:30 0:56
Tom Wilson 0 0 0 0 0 0 0 0 0 0 0/0 1:42 0:00 0:00
Players Stats for San Jose Sharks
Player Name G A P +/- PIM S H SB GA TA FO MP PP MP PK MP
------------------------------------------------------------------------------------
Adam Henrique 0 0 0 -3 0 2 3 0 2 0 1/7 19:33 0:59 3:16
Andreas Athanasiou 0 0 0 1 2 0 0 0 0 0 0/0 7:49 0:00 0:08
Christian Dvorak 0 0 0 -2 0 2 0 2 0 0 7/16 14:44 0:00 0:05
Christopher Tanev 0 0 0 -2 0 0 0 0 0 0 0/0 18:15 0:48 3:17
Cody Glass 0 1 1 1 0 3 1 0 0 0 3/8 7:30 0:00 0:00
Derek Forbort 0 0 0 2 2 1 2 1 0 0 0/0 26:59 1:11 2:33
Dmitry Orlov 0 2 2 2 0 1 1 1 0 1 0/0 28:36 1:11 3:34
Dylan Strome 0 1 1 1 0 2 3 0 1 0 1/1 14:13 0:59 0:00
Ilya Mikheyev 0 0 0 1 0 1 0 0 0 0 0/1 7:30 0:00 0:00
Ivan Barbashev 0 0 0 -2 0 3 2 2 0 0 0/0 15:04 0:53 0:00
Rickard Rakell 1 0 1 0 0 2 2 0 0 0 0/2 20:07 1:00 3:27
Ryan Hartman 1 1 2 1 2 2 5 0 0 0 4/16 13:44 0:07 0:00
Simon Benoit 0 0 0 -2 2 0 2 1 0 1 0/0 16:23 0:00 2:07
Simon Nemec 0 0 0 0 0 0 0 2 0 0 0/0 16:16 0:48 2:03
Valeri Nichushkin 1 1 2 0 0 3 0 0 2 0 1/7 20:10 1:00 3:30
Victor Olofsson 0 0 0 1 0 2 0 0 2 0 0/0 13:30 0:00 0:00
William Karlsson 0 0 0 1 0 4 1 0 0 0 14/20 18:54 0:59 3:16
Zachary Werenski 1 0 1 0 0 1 0 0 0 0 0/0 13:48 0:00 0:08
3 Stars
1 - Sam Reinhart (PIT)
2 - Anders Lee (PIT)
3 - Jean-Gabriel Pageau (PIT)
Power Play
Pittsburgh Penguins - 2 on 4 Attempt(s) - 50.00%
San Jose Sharks - 0 on 1 Attempt(s) - 0.00%
Penalty Kill
Pittsburgh Penguins - 1 on 1 Attempt(s) - 100.00%
- Score 0 goal in Penalty Kill
San Jose Sharks - 2 on 4 Attempt(s) - 50.00%
- Score 0 goal in Penalty Kill
Team Stat
Pittsburgh Penguins - Hits : 22 - Faceoff Wins : 47 - Blocked Shots : 17 - Penalty Minutes : 2
San Jose Sharks - Hits : 22 - Faceoff Wins : 31 - Blocked Shots : 9 - Penalty Minutes : 8
Official
Referees : Chris Rooney and Justin StPierre
Linesman : Brian Murphy and Greg Devorski
Game Notes
Leon Draisaitl has scored in a empty net!
Finance
Level 1 -- Attendance: 4631 (77.18%) -- Ticket Income $449,207
Level 2 -- Attendance: 3594 (71.88%) -- Ticket Income $204,858
Level 3 -- Attendance: 2901 (96.70%) -- Ticket Income $95,733
Level 4 -- Attendance: 4543 (90.86%) -- Ticket Income $99,946
Luxury Box -- Attendance: 958 (95.80%) -- Ticket Income $184,894
Game was played at the SAP Center at San Jose.
Total Attendance: 16627 (83.14%)
Total Ticket Income: $1,034,638
Other Income: $362,123
Total Income: $1,396,761
Pittsburgh Penguins
5 vs 5 Forward
Center Left Wing Right Wing Time % Phy DF OF
1 Leon Draisaitl Pavel Buchnevich Mitchell Marner 30 1 2 2
2 Jean-Gabriel Pageau Anders Lee Sam Reinhart 30 1 2 2
3 Phillip Danault Jordan Eberle Ryan Johansen 25 1 2 2
4 Colton Sissons Gabriel Vilardi Jordan Eberle 15 1 2 2
5 vs 5 Defense
Defense Defense Time % Phy DF OF
1 Erik Karlsson Mattias Ekholm 35 1 2 2
2 Ryan Suter Brian Dumoulin 35 1 2 2
3 Erik Gudbranson J.J. Moser 30 1 2 2
4 Erik Karlsson Mattias Ekholm 0 1 2 2
PowerPlay Forward
Center Left Wing Right Wing Time % Phy DF OF
1 Leon Draisaitl Pavel Buchnevich Mitchell Marner 50 1 2 2
2 Jean-Gabriel Pageau Anders Lee Sam Reinhart 50 1 2 2
PowerPlay Defense
Defense Defense Time % Phy DF OF
1 Erik Karlsson Mattias Ekholm 50 1 2 2
2 Ryan Suter Brian Dumoulin 50 1 2 2
Penalty Kill 4 Players Forward
Center Wing Time % Phy DF OF
1 Leon Draisaitl Mitchell Marner 50 1 2 2
2 Sam Reinhart Pavel Buchnevich 50 1 2 2
Penalty Kill 4 Players Defense
Defense Defense Time % Phy DF OF
1 Erik Karlsson Mattias Ekholm 50 1 2 2
2 Ryan Suter Brian Dumoulin 50 1 2 2
Penalty Kill - 3 Players Forward
Forward Time % Phy DF OF
1 Leon Draisaitl 50 1 2 2
2 Mitchell Marner 50 1 2 2
Penalty Kill - 3 Players Defense
Defense Defense Time % Phy DF OF
1 Erik Karlsson Mattias Ekholm 50 1 2 2
2 Ryan Suter Brian Dumoulin 50 1 2 2
4 vs 4 Forward
Center Wing Time % Phy DF OF
1 Leon Draisaitl Mitchell Marner 50 1 2 2
2 Sam Reinhart Pavel Buchnevich 50 1 2 2
4 vs 4 Defense
Defense Defense Time % Phy DF OF
1 Erik Karlsson Mattias Ekholm 50 1 2 2
2 Ryan Suter Brian Dumoulin 50 1 2 2
Last Minutes Offensive
Center Left Wing Right Wing Defense Defense
Leon Draisaitl Pavel Buchnevich Mitchell Marner Erik Karlsson Mattias Ekholm
Last Minutes Defensive
Center Left Wing Right Wing Defense Defense
Leon Draisaitl Pavel Buchnevich Mitchell Marner Erik Karlsson Mattias Ekholm
Goaltenders
Starting : Akira Schmid
Backup : Marc-Andre Fleury
Extra Forwards
Normal : Tom Wilson, Gabriel Vilardi, Phillip Danault - PP : Tom Wilson, Gabriel Vilardi - PK : Phillip Danault
Extra Defensemen
Normal : Erik Gudbranson, J.J. Moser, Ryan Suter - PP : Erik Gudbranson - PK : J.J. Moser, Ryan Suter
Penalty Shots
Leon Draisaitl, Mitchell Marner, Sam Reinhart, Pavel Buchnevich, Jean-Gabriel Pageau
San Jose Sharks
5 vs 5 Forward
Center Left Wing Right Wing Time % Phy DF OF
1 William Karlsson Valeri Nichushkin Rickard Rakell 30 1 2 2
2 Christian Dvorak Adam Henrique Ivan Barbashev 30 1 2 2
3 Ryan Hartman Dylan Strome Victor Olofsson 25 1 2 2
4 Cody Glass Andreas Athanasiou Ilya Mikheyev 15 1 2 2
5 vs 5 Defense
Defense Defense Time % Phy DF OF
1 Dmitry Orlov Derek Forbort 30 1 2 2
2 Christopher Tanev Simon Benoit 30 1 2 2
3 Zachary Werenski Simon Nemec 25 1 2 2
4 Dmitry Orlov Derek Forbort 15 1 2 2
PowerPlay Forward
Center Left Wing Right Wing Time % Phy DF OF
1 Adam Henrique Valeri Nichushkin Rickard Rakell 50 1 2 2
2 William Karlsson Dylan Strome Ivan Barbashev 50 1 2 2
PowerPlay Defense
Defense Defense Time % Phy DF OF
1 Dmitry Orlov Derek Forbort 50 1 2 2
2 Christopher Tanev Simon Nemec 50 1 2 2
Penalty Kill 4 Players Forward
Center Wing Time % Phy DF OF
1 Valeri Nichushkin Rickard Rakell 50 1 2 2
2 Adam Henrique William Karlsson 50 1 2 2
Penalty Kill 4 Players Defense
Defense Defense Time % Phy DF OF
1 Dmitry Orlov Derek Forbort 50 1 2 2
2 Christopher Tanev Simon Benoit 50 1 2 2
Penalty Kill - 3 Players Forward
Forward Time % Phy DF OF
1 Valeri Nichushkin 50 1 2 2
2 Rickard Rakell 50 1 2 2
Penalty Kill - 3 Players Defense
Defense Defense Time % Phy DF OF
1 Dmitry Orlov Derek Forbort 50 1 2 2
2 Christopher Tanev Simon Benoit 50 1 2 2
4 vs 4 Forward
Center Wing Time % Phy DF OF
1 Valeri Nichushkin Rickard Rakell 50 1 2 2
2 Adam Henrique William Karlsson 50 1 2 2
4 vs 4 Defense
Defense Defense Time % Phy DF OF
1 Dmitry Orlov Derek Forbort 50 1 2 2
2 Christopher Tanev Simon Benoit 50 1 2 2
Last Minutes Offensive
Center Left Wing Right Wing Defense Defense
Adam Henrique Valeri Nichushkin Rickard Rakell Dmitry Orlov Derek Forbort
Last Minutes Defensive
Center Left Wing Right Wing Defense Defense
Adam Henrique Valeri Nichushkin Rickard Rakell Dmitry Orlov Derek Forbort
Goaltenders
Starting : Logan Thompson
Backup : Ilya Samsonov
Extra Forwards
Normal : Ryan Hartman, Christian Dvorak, Andreas Athanasiou - PP : Ryan Hartman, Christian Dvorak - PK : Andreas Athanasiou
Extra Defensemen
Normal : Zachary Werenski, Simon Nemec, Christopher Tanev - PP : Zachary Werenski - PK : Simon Nemec, Christopher Tanev
Penalty Shots
Valeri Nichushkin, Rickard Rakell, Adam Henrique, William Karlsson, Dylan Strome
% Time on Ice - Pittsburgh Penguins
Lines # - Real PCT - Wanted PCT - Time Play
Normal Forward
1 - 31% - 30% - 15:35
2 - 29% - 30% - 14:33
3 - 26% - 25% - 12:48
4 - 14% - 15% - 7:11
Normal Defense
1 - 35% - 35% - 17:37
2 - 36% - 35% - 17:57
3 - 29% - 30% - 14:33
4 - 0% - 0% - 0:00
PP Forward
1 - 49% - 50% - 3:21
2 - 51% - 50% - 3:30
PP Defense
1 - 53% - 50% - 3:39
2 - 47% - 50% - 3:12
PK Forward
1 - 53% - 50% - 1:03
2 - 47% - 50% - 0:56
PK Defense
1 - 55% - 50% - 1:06
2 - 45% - 50% - 0:53
PK3 Forward
1 - 0% - 50%
2 - 0% - 50%
PK3 Defense
1 - 0% - 50%
2 - 0% - 50%
44 Forward
1 - 0% - 50%
2 - 0% - 50%
44 Defense
1 - 0% - 50%
2 - 0% - 50%
Last Minute Offensive - 0:00
Last Minute Defensive - 1:03
Total
Forward - 60:00
Defense - 60:00
|
% Time on Ice - San Jose Sharks
Lines # - Real PCT - Wanted PCT - Time Play
Normal Forward
1 - 29% - 30% - 14:40
2 - 29% - 30% - 14:30
3 - 27% - 25% - 13:30
4 - 15% - 15% - 7:30
Normal Defense
1 - 30% - 30% - 15:12
2 - 31% - 30% - 15:24
3 - 25% - 25% - 12:26
4 - 14% - 15% - 7:08
PP Forward
1 - 50% - 50% - 1:00
2 - 50% - 50% - 0:59
PP Defense
1 - 60% - 50% - 1:11
2 - 40% - 50% - 0:48
PK Forward
1 - 51% - 50% - 3:30
2 - 49% - 50% - 3:21
PK Defense
1 - 52% - 50% - 3:33
2 - 48% - 50% - 3:18
PK3 Forward
1 - 0% - 50%
2 - 0% - 50%
PK3 Defense
1 - 0% - 50%
2 - 0% - 50%
44 Forward
1 - 0% - 50%
2 - 0% - 50%
44 Defense
1 - 0% - 50%
2 - 0% - 50%
Last Minute Offensive - 1:00
Last Minute Defensive - 0:00
Total
Forward - 60:00
Defense - 60:00
|
Play-by-Play
1st period
0:01 of 1st period - Leon Draisaitl wins face-off versus William Karlsson in neutral zone.
0:16 of 1st period - Slapshot by William Karlsson.
0:16 of 1st period - Shot Blocked by Mattias Ekholm.
0:26 of 1st period - Adam Henrique is hit by Anders Lee and loses puck.
0:31 of 1st period - Wrist shot by Jean-Gabriel Pageau.
0:31 of 1st period - Stopped by Logan Thompson with a rebound.
0:33 of 1st period - Slapshot by Ryan Suter.
0:33 of 1st period - Stopped by Logan Thompson with a rebound.
0:37 of 1st period - Snap shot by Sam Reinhart.
0:37 of 1st period - Deflect By Anders Lee.
0:37 of 1st period - Shot Blocked by Christian Dvorak.
0:37 of 1st period - Puck is out of play.
0:38 of 1st period - Phillip Danault wins face-off versus Ryan Hartman in San Jose Sharks zone.
0:51 of 1st period - Wrist shot by Ryan Johansen.
0:51 of 1st period - Shot Misses the Net.
1:17 of 1st period - Wrist shot by Anders Lee.
1:17 of 1st period - Shot Misses the Net.
2:15 of 1st period - J.J. Moser is hit by Ryan Hartman and loses puck.
2:46 of 1st period - Mitchell Marner is hit by Derek Forbort and loses puck.
3:13 of 1st period - Zachary Werenski is hit by Colton Sissons and loses puck.
3:24 of 1st period - Brian Dumoulin is hit by Ryan Hartman and loses puck.
3:41 of 1st period - Christopher Tanev is hit by Phillip Danault.
3:55 of 1st period - Snap shot by Mitchell Marner.
3:55 of 1st period - Stopped by Logan Thompson with a rebound.
4:05 of 1st period - Snap shot by Adam Henrique.
4:05 of 1st period - Shot Blocked by Ryan Suter.
4:09 of 1st period - Snap shot by Christian Dvorak.
4:09 of 1st period - Stopped by Akira Schmid with a rebound.
4:23 of 1st period - Wrist shot by Anders Lee.
4:23 of 1st period - Stopped by Logan Thompson with a rebound.
4:33 of 1st period - Slapshot by Valeri Nichushkin.
4:33 of 1st period - Stopped by Akira Schmid without a rebound.
4:34 of 1st period - Leon Draisaitl wins face-off versus Ryan Hartman in Pittsburgh Penguins zone.
5:27 of 1st period - William Karlsson is hit by Jordan Eberle and loses puck.
5:51 of 1st period - Snap shot by Cody Glass.
5:51 of 1st period - Stopped by Akira Schmid without a rebound.
5:52 of 1st period - Jean-Gabriel Pageau wins face-off versus Cody Glass in Pittsburgh Penguins zone.
6:19 of 1st period - Snap shot by Ilya Mikheyev.
6:19 of 1st period - Shot Blocked by Erik Gudbranson.
6:21 of 1st period - Slapshot by Derek Forbort.
6:21 of 1st period - Stopped by Akira Schmid without a rebound.
6:22 of 1st period - Colton Sissons wins face-off versus Ryan Hartman in Pittsburgh Penguins zone.
6:48 of 1st period - Adam Henrique is hit by Mitchell Marner and loses puck.
6:55 of 1st period - Snap shot by Leon Draisaitl.
6:55 of 1st period - Shot Blocked by Ivan Barbashev.
6:59 of 1st period - Snap shot by Leon Draisaitl.
6:59 of 1st period - Shot Blocked by Simon Nemec.
7:17 of 1st period - Mattias Ekholm is hit by Ivan Barbashev and loses puck.
7:32 of 1st period - Slapshot by William Karlsson.
7:32 of 1st period - Stopped by Akira Schmid with a rebound.
7:53 of 1st period - Off-side.
7:54 of 1st period - Leon Draisaitl wins face-off versus Ryan Hartman in neutral zone.
8:23 of 1st period - Backhand shot by Leon Draisaitl.
8:23 of 1st period - Stopped by Logan Thompson without a rebound.
8:24 of 1st period - Phillip Danault wins face-off versus William Karlsson in San Jose Sharks zone.
8:25 of 1st period - Wrist shot by Ryan Johansen.
8:25 of 1st period - Stopped by Logan Thompson without a rebound.
8:26 of 1st period - William Karlsson wins face-off versus Jordan Eberle in San Jose Sharks zone.
8:28 of 1st period - Icing by Valeri Nichushkin.
8:29 of 1st period - Phillip Danault wins face-off versus Valeri Nichushkin in San Jose Sharks zone.
8:40 of 1st period - Wrist shot by Valeri Nichushkin.
8:40 of 1st period - Shot Blocked by Ryan Suter.
8:42 of 1st period - Wrist shot by William Karlsson.
8:42 of 1st period - Stopped by Akira Schmid without a rebound.
8:43 of 1st period - Christian Dvorak wins face-off versus Colton Sissons in Pittsburgh Penguins zone.
9:06 of 1st period - Icing by Adam Henrique.
9:07 of 1st period - William Karlsson wins face-off versus Jean-Gabriel Pageau in San Jose Sharks zone.
9:54 of 1st period - Icing by Christian Dvorak.
9:55 of 1st period - Leon Draisaitl wins face-off versus Christian Dvorak in San Jose Sharks zone.
9:58 of 1st period - Wrist shot by Pavel Buchnevich.
9:58 of 1st period - Shot Blocked by Christian Dvorak.
10:00 of 1st period - Snap shot by Anders Lee.
10:00 of 1st period - Stopped by Logan Thompson with a rebound.
10:23 of 1st period - Minor Penalty to Ryan Johansen for Tripping.
10:24 of 1st period - Adam Henrique wins face-off versus Leon Draisaitl in Pittsburgh Penguins zone.
10:52 of 1st period - Mattias Ekholm is hit by William Karlsson.
10:58 of 1st period - Slapshot by Dylan Strome.
10:58 of 1st period - Shot Misses the Net.
12:23 of 1st period - Penalty to Ryan Johansen is over, Ryan Johansen is back on ice.
12:58 of 1st period - Victor Olofsson is hit by Phillip Danault and loses puck.
13:17 of 1st period - Dmitry Orlov is hit by Jean-Gabriel Pageau and loses puck.
14:28 of 1st period - Slapshot by Cody Glass.
14:28 of 1st period - Stopped by Akira Schmid without a rebound.
14:29 of 1st period - William Karlsson wins face-off versus Phillip Danault in Pittsburgh Penguins zone.
14:46 of 1st period - Ryan Johansen is hit by Dmitry Orlov and loses puck.
14:59 of 1st period - Wrist shot by Ryan Johansen.
14:59 of 1st period - Shot Misses the Net.
15:01 of 1st period - Slapshot by Phillip Danault.
15:01 of 1st period - Stopped by Logan Thompson with a rebound.
15:03 of 1st period - Slapshot by Mattias Ekholm.
15:03 of 1st period - Shot Misses the Net.
15:05 of 1st period - Slapshot by Phillip Danault.
15:05 of 1st period - Stopped by Logan Thompson without a rebound.
15:06 of 1st period - Leon Draisaitl wins face-off versus Ryan Hartman in San Jose Sharks zone.
15:07 of 1st period - Slapshot by Mitchell Marner.
15:07 of 1st period - Shot Misses the Net.
15:09 of 1st period - Wrist shot by Pavel Buchnevich.
15:09 of 1st period - Stopped by Logan Thompson with a rebound.
15:21 of 1st period - Wrist shot by Leon Draisaitl.
15:21 of 1st period - Stopped by Logan Thompson with a rebound.
15:33 of 1st period - Wrist shot by Jordan Eberle.
15:33 of 1st period - Stopped by Logan Thompson without a rebound.
15:34 of 1st period - Christian Dvorak wins face-off versus Colton Sissons in San Jose Sharks zone.
15:36 of 1st period - Icing by Ivan Barbashev.
15:37 of 1st period - Christian Dvorak wins face-off versus Colton Sissons in San Jose Sharks zone.
17:05 of 1st period - Wrist shot by Gabriel Vilardi.
17:05 of 1st period - Stopped by Logan Thompson without a rebound.
17:06 of 1st period - William Karlsson wins face-off versus Jean-Gabriel Pageau in San Jose Sharks zone.
17:06 of 1st period - William Karlsson is hit by Anders Lee.
17:32 of 1st period - Mitchell Marner is hit by Dylan Strome.
18:45 of 1st period - Dmitry Orlov is hit by Ryan Johansen and loses puck.
18:52 of 1st period - Wrist shot by Ryan Johansen.
18:52 of 1st period - Stopped by Logan Thompson with a rebound.
Goals for this period are 0 for Pittsburgh Penguins vs 0 for San Jose Sharks.
Shots for this period are 14 for Pittsburgh Penguins vs 7 for San Jose Sharks.
2nd period
0:01 of 2nd period - William Karlsson wins face-off versus Jean-Gabriel Pageau in neutral zone.
0:04 of 2nd period - Snap shot by William Karlsson.
0:04 of 2nd period - Stopped by Akira Schmid with a rebound.
0:10 of 2nd period - Snap shot by William Karlsson.
0:10 of 2nd period - Shot Blocked by Jean-Gabriel Pageau.
0:12 of 2nd period - Snap shot by Derek Forbort.
0:12 of 2nd period - Shot Blocked by Erik Karlsson.
0:26 of 2nd period - Erik Karlsson is hit by Derek Forbort.
0:34 of 2nd period - Wrist shot by Sam Reinhart.
0:34 of 2nd period - Stopped by Logan Thompson without a rebound.
0:35 of 2nd period - Leon Draisaitl wins face-off versus Ryan Hartman in San Jose Sharks zone.
0:47 of 2nd period - Minor Penalty to Ryan Hartman for Tripping.
0:48 of 2nd period - Leon Draisaitl wins face-off versus Valeri Nichushkin in San Jose Sharks zone.
1:23 of 2nd period - Off-side.
1:24 of 2nd period - Valeri Nichushkin wins face-off versus Sam Reinhart in neutral zone.
1:37 of 2nd period - Snap shot by Jean-Gabriel Pageau.
1:37 of 2nd period - Shot Misses the Net.
1:39 of 2nd period - Slapshot by Brian Dumoulin.
1:39 of 2nd period - Deflect By Sam Reinhart.
1:39 of 2nd period - Stopped by Logan Thompson with a rebound.
1:41 of 2nd period - Snap shot by Sam Reinhart.
1:41 of 2nd period - Goal by Sam Reinhart - Pittsburgh Penguins : 1 - San Jose Sharks : 0.
1:42 of 2nd period - William Karlsson wins face-off versus Mitchell Marner in neutral zone.
2:09 of 2nd period - Phillip Danault is hit by Dylan Strome and loses puck.
2:20 of 2nd period - Snap shot by Victor Olofsson.
2:20 of 2nd period - Stopped by Akira Schmid without a rebound.
2:21 of 2nd period - Jean-Gabriel Pageau wins face-off versus Christian Dvorak in Pittsburgh Penguins zone.
3:08 of 2nd period - Zachary Werenski is hit by Ryan Johansen and loses puck.
3:33 of 2nd period - Snap shot by Christian Dvorak.
3:33 of 2nd period - Shot Misses the Net.
3:35 of 2nd period - Snap shot by Adam Henrique.
3:35 of 2nd period - Stopped by Akira Schmid with a rebound.
3:39 of 2nd period - Wrist shot by Adam Henrique.
3:39 of 2nd period - Deflect By Ivan Barbashev.
3:39 of 2nd period - Shot Blocked by J.J. Moser.
3:39 of 2nd period - Puck is out of play.
3:40 of 2nd period - Pavel Buchnevich wins face-off versus William Karlsson in Pittsburgh Penguins zone.
4:09 of 2nd period - Snap shot by Adam Henrique.
4:09 of 2nd period - Shot Blocked by Mattias Ekholm.
4:28 of 2nd period - Off-side.
4:29 of 2nd period - Ryan Hartman wins face-off versus Jean-Gabriel Pageau in neutral zone.
4:41 of 2nd period - Snap shot by Sam Reinhart.
4:41 of 2nd period - Stopped by Logan Thompson with a rebound.
4:43 of 2nd period - Slapshot by Brian Dumoulin.
4:43 of 2nd period - Shot Blocked by Dmitry Orlov.
4:45 of 2nd period - Wrist shot by Jean-Gabriel Pageau.
4:45 of 2nd period - Stopped by Logan Thompson without a rebound.
4:46 of 2nd period - Leon Draisaitl wins face-off versus Rickard Rakell in San Jose Sharks zone.
4:58 of 2nd period - Off-side.
4:59 of 2nd period - William Karlsson wins face-off versus Phillip Danault in neutral zone.
5:12 of 2nd period - Off-side.
5:13 of 2nd period - Christian Dvorak wins face-off versus Leon Draisaitl in neutral zone.
5:18 of 2nd period - Derek Forbort is hit by Mattias Ekholm and loses puck.
5:50 of 2nd period - Slapshot by Erik Karlsson.
5:50 of 2nd period - Deflect By Sam Reinhart.
5:50 of 2nd period - Shot Misses the Net.
5:50 of 2nd period - Puck is out of play.
5:51 of 2nd period - Phillip Danault wins face-off versus Ryan Hartman in San Jose Sharks zone.
5:56 of 2nd period - Snap shot by Ryan Johansen.
5:56 of 2nd period - Stopped by Logan Thompson with a rebound.
5:58 of 2nd period - Wrist shot by Phillip Danault.
5:58 of 2nd period - Shot Misses the Net.
6:18 of 2nd period - Christopher Tanev is hit by Erik Gudbranson and loses puck.
6:41 of 2nd period - Snap shot by Rickard Rakell.
6:41 of 2nd period - Goal by Rickard Rakell - Pittsburgh Penguins : 1 - San Jose Sharks : 1.
6:42 of 2nd period - Leon Draisaitl wins face-off versus Cody Glass in neutral zone.
6:47 of 2nd period - Snap shot by Leon Draisaitl.
6:47 of 2nd period - Shot Misses the Net.
6:49 of 2nd period - Snap shot by Mitchell Marner.
6:49 of 2nd period - Shot Misses the Net.
6:51 of 2nd period - Slapshot by Leon Draisaitl.
6:51 of 2nd period - Shot Misses the Net.
6:53 of 2nd period - Slapshot by Ryan Suter.
6:53 of 2nd period - Shot Misses the Net.
7:36 of 2nd period - Slapshot by Jordan Eberle.
7:36 of 2nd period - Shot Misses the Net.
8:16 of 2nd period - Wrist shot by Cody Glass.
8:16 of 2nd period - Stopped by Akira Schmid without a rebound.
8:17 of 2nd period - William Karlsson wins face-off versus Jordan Eberle in Pittsburgh Penguins zone.
9:13 of 2nd period - Wrist shot by Leon Draisaitl.
9:13 of 2nd period - Deflect By Pavel Buchnevich.
9:13 of 2nd period - Shot Blocked by Derek Forbort.
9:13 of 2nd period - Puck is out of play.
9:14 of 2nd period - William Karlsson wins face-off versus Jean-Gabriel Pageau in San Jose Sharks zone.
9:16 of 2nd period - Minor Penalty to Simon Benoit for Holding.
9:17 of 2nd period - Leon Draisaitl wins face-off versus Valeri Nichushkin in San Jose Sharks zone.
9:17 of 2nd period - Snap shot by Mitchell Marner.
9:17 of 2nd period - Shot Misses the Net.
9:19 of 2nd period - Snap shot by Pavel Buchnevich.
9:19 of 2nd period - Shot Misses the Net.
11:16 of 2nd period - Penalty to Simon Benoit is over, Simon Benoit is back on ice.
11:19 of 2nd period - Slapshot by Christian Dvorak.
11:19 of 2nd period - Stopped by Akira Schmid with a rebound.
11:33 of 2nd period - Snap shot by Victor Olofsson.
11:33 of 2nd period - Shot Misses the Net.
11:53 of 2nd period - Jordan Eberle is hit by Cody Glass and loses puck.
11:58 of 2nd period - Slapshot by Ilya Mikheyev.
11:58 of 2nd period - Shot Misses the Net.
12:14 of 2nd period - Colton Sissons is hit by Simon Benoit and loses puck.
12:35 of 2nd period - Off-side.
12:36 of 2nd period - Ryan Hartman wins face-off versus Mitchell Marner in neutral zone.
13:01 of 2nd period - Jordan Eberle is hit by Rickard Rakell and loses puck.
13:22 of 2nd period - Snap shot by Anders Lee.
13:22 of 2nd period - Goal by Anders Lee - Pittsburgh Penguins : 2 - San Jose Sharks : 1.
13:23 of 2nd period - William Karlsson wins face-off versus Jean-Gabriel Pageau in neutral zone.
13:26 of 2nd period - Snap shot by Rickard Rakell.
13:26 of 2nd period - Shot Blocked by Mattias Ekholm.
13:34 of 2nd period - Slapshot by Sam Reinhart.
13:34 of 2nd period - Stopped by Logan Thompson without a rebound.
13:35 of 2nd period - William Karlsson wins face-off versus Leon Draisaitl in San Jose Sharks zone.
13:35 of 2nd period - William Karlsson is hit by Leon Draisaitl.
14:01 of 2nd period - Mattias Ekholm is hit by Ryan Hartman and loses puck.
14:14 of 2nd period - Snap shot by Victor Olofsson.
14:14 of 2nd period - Shot Misses the Net.
14:32 of 2nd period - Slapshot by Erik Karlsson.
14:32 of 2nd period - Deflect By Jean-Gabriel Pageau.
14:32 of 2nd period - Shot Blocked by Ivan Barbashev.
14:32 of 2nd period - Puck is out of play.
14:33 of 2nd period - Jean-Gabriel Pageau wins face-off versus William Karlsson in San Jose Sharks zone.
14:48 of 2nd period - Wrist shot by Sam Reinhart.
14:48 of 2nd period - Shot Misses the Net.
14:50 of 2nd period - Wrist shot by Ryan Suter.
14:50 of 2nd period - Stopped by Logan Thompson without a rebound.
14:51 of 2nd period - Phillip Danault wins face-off versus Adam Henrique in San Jose Sharks zone.
15:17 of 2nd period - Derek Forbort is hit by Erik Gudbranson and loses puck.
15:51 of 2nd period - Wrist shot by Anders Lee.
15:51 of 2nd period - Shot Misses the Net.
16:01 of 2nd period - Slapshot by Victor Olofsson.
16:01 of 2nd period - Shot Misses the Net.
16:09 of 2nd period - Wrist shot by Dylan Strome.
16:09 of 2nd period - Shot Misses the Net.
16:39 of 2nd period - Snap shot by Valeri Nichushkin.
16:39 of 2nd period - Shot Blocked by Erik Karlsson.
16:41 of 2nd period - Snap shot by Simon Benoit.
16:41 of 2nd period - Shot Blocked by Mattias Ekholm.
16:43 of 2nd period - Wrist shot by Christopher Tanev.
16:43 of 2nd period - Shot Blocked by Ryan Johansen.
16:45 of 2nd period - Snap shot by Valeri Nichushkin.
16:45 of 2nd period - Deflect By Rickard Rakell.
16:45 of 2nd period - Shot Misses the Net.
16:45 of 2nd period - Puck is out of play.
16:46 of 2nd period - Jean-Gabriel Pageau wins face-off versus Christian Dvorak in Pittsburgh Penguins zone.
16:46 of 2nd period - Jean-Gabriel Pageau is hit by Adam Henrique.
16:51 of 2nd period - Icing by Sam Reinhart.
16:52 of 2nd period - Christian Dvorak wins face-off versus Jean-Gabriel Pageau in Pittsburgh Penguins zone.
17:03 of 2nd period - Snap shot by Ivan Barbashev.
17:03 of 2nd period - Stopped by Akira Schmid without a rebound.
17:04 of 2nd period - William Karlsson wins face-off versus Jean-Gabriel Pageau in Pittsburgh Penguins zone.
17:19 of 2nd period - Snap shot by William Karlsson.
17:19 of 2nd period - Stopped by Akira Schmid with a rebound.
17:21 of 2nd period - Slapshot by Valeri Nichushkin.
17:21 of 2nd period - Stopped by Akira Schmid without a rebound.
17:22 of 2nd period - Pavel Buchnevich wins face-off versus Christian Dvorak in Pittsburgh Penguins zone.
17:32 of 2nd period - Wrist shot by Leon Draisaitl.
17:32 of 2nd period - Stopped by Logan Thompson with a rebound.
17:48 of 2nd period - Ivan Barbashev is hit by Anders Lee and loses puck.
17:59 of 2nd period - Snap shot by Sam Reinhart.
17:59 of 2nd period - Shot Misses the Net.
18:01 of 2nd period - Slapshot by Mattias Ekholm.
18:01 of 2nd period - Shot Misses the Net.
18:19 of 2nd period - Wrist shot by Phillip Danault.
18:19 of 2nd period - Stopped by Logan Thompson without a rebound.
18:20 of 2nd period - William Karlsson wins face-off versus Leon Draisaitl in San Jose Sharks zone.
18:20 of 2nd period - William Karlsson is hit by Brian Dumoulin.
18:32 of 2nd period - Wrist shot by Valeri Nichushkin.
18:32 of 2nd period - Shot Blocked by Brian Dumoulin.
18:50 of 2nd period - Off-side.
18:51 of 2nd period - Colton Sissons wins face-off versus Cody Glass in neutral zone.
19:36 of 2nd period - Snap shot by Valeri Nichushkin.
19:36 of 2nd period - Goal by Valeri Nichushkin - Pittsburgh Penguins : 2 - San Jose Sharks : 2.
19:37 of 2nd period - Phillip Danault wins face-off versus Valeri Nichushkin in neutral zone.
Goals for this period are 2 for Pittsburgh Penguins vs 2 for San Jose Sharks.
Shots for this period are 11 for Pittsburgh Penguins vs 10 for San Jose Sharks.
3rd period
0:01 of 3rd period - Anders Lee wins face-off versus Christian Dvorak in neutral zone.
0:08 of 3rd period - Wrist shot by Jean-Gabriel Pageau.
0:08 of 3rd period - Stopped by Logan Thompson without a rebound.
0:09 of 3rd period - Jean-Gabriel Pageau wins face-off versus Christian Dvorak in San Jose Sharks zone.
0:28 of 3rd period - Snap shot by Christian Dvorak.
0:28 of 3rd period - Deflect By Jean-Gabriel Pageau.
0:28 of 3rd period - Shot Misses the Net.
0:28 of 3rd period - Puck is out of play.
0:29 of 3rd period - Ryan Hartman wins face-off versus Leon Draisaitl in Pittsburgh Penguins zone.
0:30 of 3rd period - Wrist shot by Victor Olofsson.
0:30 of 3rd period - Stopped by Akira Schmid without a rebound.
0:31 of 3rd period - Leon Draisaitl wins face-off versus Ryan Hartman in Pittsburgh Penguins zone.
0:31 of 3rd period - Leon Draisaitl is hit by Ryan Hartman.
1:21 of 3rd period - Snap shot by Christian Dvorak.
1:21 of 3rd period - Shot Misses the Net.
1:37 of 3rd period - Snap shot by Phillip Danault.
1:37 of 3rd period - Stopped by Logan Thompson without a rebound.
1:38 of 3rd period - Leon Draisaitl wins face-off versus Ilya Mikheyev in San Jose Sharks zone.
1:41 of 3rd period - Snap shot by Leon Draisaitl.
1:41 of 3rd period - Shot Blocked by Simon Benoit.
1:43 of 3rd period - Minor Penalty to Andreas Athanasiou for Boarding.
1:44 of 3rd period - Jean-Gabriel Pageau wins face-off versus Valeri Nichushkin in San Jose Sharks zone.
2:01 of 3rd period - Snap shot by Anders Lee.
2:01 of 3rd period - Shot Misses the Net.
2:19 of 3rd period - Slapshot by Mitchell Marner.
2:19 of 3rd period - Shot Misses the Net.
2:21 of 3rd period - Slapshot by Brian Dumoulin.
2:21 of 3rd period - Stopped by Logan Thompson without a rebound.
2:22 of 3rd period - Jean-Gabriel Pageau wins face-off versus Valeri Nichushkin in San Jose Sharks zone.
2:33 of 3rd period - Snap shot by Jean-Gabriel Pageau.
2:33 of 3rd period - Deflect By Anders Lee.
2:33 of 3rd period - Stopped by Logan Thompson without a rebound.
2:34 of 3rd period - Leon Draisaitl wins face-off versus Adam Henrique in San Jose Sharks zone.
3:09 of 3rd period - Wrist shot by Jean-Gabriel Pageau.
3:09 of 3rd period - Shot Misses the Net.
3:11 of 3rd period - Slapshot by Mattias Ekholm.
3:11 of 3rd period - Deflect By Anders Lee.
3:11 of 3rd period - Stopped by Logan Thompson without a rebound.
3:12 of 3rd period - Jean-Gabriel Pageau wins face-off versus Adam Henrique in San Jose Sharks zone.
3:37 of 3rd period - Derek Forbort is hit by Brian Dumoulin and loses puck.
3:42 of 3rd period - Snap shot by Mitchell Marner.
3:42 of 3rd period - Goal by Mitchell Marner - Pittsburgh Penguins : 3 - San Jose Sharks : 2.
3:43 of 3rd period - Ryan Hartman wins face-off versus Jean-Gabriel Pageau in neutral zone.
3:48 of 3rd period - Snap shot by Dylan Strome.
3:48 of 3rd period - Stopped by Akira Schmid without a rebound.
3:49 of 3rd period - Jean-Gabriel Pageau wins face-off versus Ryan Hartman in Pittsburgh Penguins zone.
3:54 of 3rd period - Jean-Gabriel Pageau is hit by Dylan Strome and loses puck.
4:37 of 3rd period - Slapshot by Brian Dumoulin.
4:37 of 3rd period - Stopped by Logan Thompson without a rebound.
4:38 of 3rd period - Christian Dvorak wins face-off versus Colton Sissons in San Jose Sharks zone.
4:45 of 3rd period - Wrist shot by Gabriel Vilardi.
4:45 of 3rd period - Goal by Gabriel Vilardi - Pittsburgh Penguins : 4 - San Jose Sharks : 2.
4:46 of 3rd period - Leon Draisaitl wins face-off versus Rickard Rakell in neutral zone.
5:13 of 3rd period - Sam Reinhart is hit by Ivan Barbashev and loses puck.
6:00 of 3rd period - Backhand shot by Ilya Mikheyev.
6:00 of 3rd period - Deflect By Cody Glass.
6:00 of 3rd period - Shot Hit the Post.
6:00 of 3rd period - Puck is out of play.
6:01 of 3rd period - Cody Glass wins face-off versus Jean-Gabriel Pageau in Pittsburgh Penguins zone.
6:02 of 3rd period - Wrist shot by Ilya Mikheyev.
6:02 of 3rd period - Shot Misses the Net.
6:04 of 3rd period - Snap shot by Andreas Athanasiou.
6:04 of 3rd period - Shot Misses the Net.
6:06 of 3rd period - Slapshot by Ilya Mikheyev.
6:06 of 3rd period - Shot Blocked by Ryan Suter.
6:08 of 3rd period - Slapshot by Dmitry Orlov.
6:08 of 3rd period - Stopped by Akira Schmid without a rebound.
6:09 of 3rd period - Jean-Gabriel Pageau wins face-off versus William Karlsson in Pittsburgh Penguins zone.
6:16 of 3rd period - Slapshot by Jean-Gabriel Pageau.
6:16 of 3rd period - Stopped by Logan Thompson with a rebound.
6:18 of 3rd period - Snap shot by Anders Lee.
6:18 of 3rd period - Shot Misses the Net.
6:25 of 3rd period - Wrist shot by Jean-Gabriel Pageau.
6:25 of 3rd period - Shot Misses the Net.
6:27 of 3rd period - Snap shot by Brian Dumoulin.
6:27 of 3rd period - Shot Misses the Net.
6:29 of 3rd period - Wrist shot by Sam Reinhart.
6:29 of 3rd period - Stopped by Logan Thompson without a rebound.
6:30 of 3rd period - Colton Sissons wins face-off versus Christian Dvorak in San Jose Sharks zone.
7:22 of 3rd period - Derek Forbort is hit by Leon Draisaitl and loses puck.
7:43 of 3rd period - Phillip Danault is hit by Rickard Rakell and loses puck.
7:50 of 3rd period - Snap shot by Rickard Rakell.
7:50 of 3rd period - Deflect By Ryan Johansen.
7:50 of 3rd period - Stopped by Akira Schmid without a rebound.
7:51 of 3rd period - Cody Glass wins face-off versus Phillip Danault in Pittsburgh Penguins zone.
8:00 of 3rd period - Slapshot by Zachary Werenski.
8:00 of 3rd period - Deflect By Jordan Eberle.
8:00 of 3rd period - Goal by Zachary Werenski - Pittsburgh Penguins : 4 - San Jose Sharks : 3.
8:01 of 3rd period - William Karlsson wins face-off versus Leon Draisaitl in neutral zone.
9:30 of 3rd period - Slapshot by Ivan Barbashev.
9:30 of 3rd period - Stopped by Akira Schmid with a rebound.
9:32 of 3rd period - Slapshot by Ivan Barbashev.
9:32 of 3rd period - Shot Blocked by Colton Sissons.
9:34 of 3rd period - Wrist shot by Ivan Barbashev.
9:34 of 3rd period - Shot Misses the Net.
9:36 of 3rd period - Snap shot by Ivan Barbashev.
9:36 of 3rd period - Stopped by Akira Schmid with a rebound.
10:09 of 3rd period - Leon Draisaitl is hit by Simon Benoit and loses puck.
10:36 of 3rd period - Erik Gudbranson is hit by Adam Henrique and loses puck.
11:11 of 3rd period - Ilya Mikheyev is hit by Leon Draisaitl and loses puck.
11:41 of 3rd period - Off-side.
11:42 of 3rd period - Jean-Gabriel Pageau wins face-off versus Christian Dvorak in neutral zone.
11:47 of 3rd period - Slapshot by Sam Reinhart.
11:47 of 3rd period - Shot Misses the Net.
11:49 of 3rd period - Slapshot by J.J. Moser.
11:49 of 3rd period - Stopped by Logan Thompson with a rebound.
11:51 of 3rd period - Snap shot by Sam Reinhart.
11:51 of 3rd period - Goal by Sam Reinhart - Pittsburgh Penguins : 5 - San Jose Sharks : 3.
11:52 of 3rd period - Christian Dvorak wins face-off versus Phillip Danault in neutral zone.
12:45 of 3rd period - Slapshot by Erik Karlsson.
12:45 of 3rd period - Stopped by Logan Thompson without a rebound.
12:46 of 3rd period - Phillip Danault wins face-off versus Christian Dvorak in San Jose Sharks zone.
13:38 of 3rd period - Slapshot by Jean-Gabriel Pageau.
13:38 of 3rd period - Stopped by Logan Thompson without a rebound.
13:39 of 3rd period - Colton Sissons wins face-off versus William Karlsson in San Jose Sharks zone.
13:59 of 3rd period - Minor Penalty to Derek Forbort for Hooking.
14:00 of 3rd period - Leon Draisaitl wins face-off versus Adam Henrique in San Jose Sharks zone.
14:39 of 3rd period - Valeri Nichushkin is hit by Sam Reinhart and loses puck.
15:08 of 3rd period - Icing by Brian Dumoulin.
15:09 of 3rd period - Jean-Gabriel Pageau wins face-off versus Adam Henrique in Pittsburgh Penguins zone.
15:56 of 3rd period - Jean-Gabriel Pageau is hit by Adam Henrique and loses puck.
15:59 of 3rd period - Penalty to Derek Forbort is over, Derek Forbort is back on ice.
16:09 of 3rd period - Slapshot by Dmitry Orlov.
16:09 of 3rd period - Deflect By Dylan Strome.
16:09 of 3rd period - Shot Misses the Net.
16:09 of 3rd period - Puck is out of play.
16:10 of 3rd period - Phillip Danault wins face-off versus Ryan Hartman in Pittsburgh Penguins zone.
16:46 of 3rd period - Wrist shot by Ilya Mikheyev.
16:46 of 3rd period - Stopped by Akira Schmid without a rebound.
16:47 of 3rd period - Phillip Danault wins face-off versus Ryan Hartman in Pittsburgh Penguins zone.
16:51 of 3rd period - Off-side.
16:52 of 3rd period - Dylan Strome wins face-off versus Phillip Danault in neutral zone.
16:55 of 3rd period - Phillip Danault is hit by Ryan Hartman and loses puck.
17:06 of 3rd period - Wrist shot by Ryan Hartman.
17:06 of 3rd period - Stopped by Akira Schmid without a rebound.
17:07 of 3rd period - Cody Glass wins face-off versus Colton Sissons in Pittsburgh Penguins zone.
17:10 of 3rd period - Wrist shot by Ilya Mikheyev.
17:10 of 3rd period - Shot Blocked by Brian Dumoulin.
17:12 of 3rd period - Wrist shot by Dmitry Orlov.
17:12 of 3rd period - Shot Blocked by Ryan Suter.
17:37 of 3rd period - Slapshot by Dylan Strome.
17:37 of 3rd period - Stopped by Akira Schmid with a rebound.
17:39 of 3rd period - Slapshot by Dmitry Orlov.
17:39 of 3rd period - Deflect By Ryan Hartman.
17:39 of 3rd period - Goal by Ryan Hartman - Pittsburgh Penguins : 5 - San Jose Sharks : 4.
17:40 of 3rd period - Phillip Danault wins face-off versus Ryan Hartman in neutral zone.
17:55 of 3rd period - Wrist shot by Ryan Johansen.
17:55 of 3rd period - Shot Blocked by Simon Nemec.
18:05 of 3rd period - Andreas Athanasiou is hit by Leon Draisaitl and loses puck.
18:10 of 3rd period - Wrist shot by Leon Draisaitl.
18:10 of 3rd period - Stopped by Logan Thompson without a rebound.
18:11 of 3rd period - Colton Sissons wins face-off versus Cody Glass in San Jose Sharks zone.
18:20 of 3rd period - Wrist shot by Andreas Athanasiou.
18:20 of 3rd period - Shot Misses the Net.
18:38 of 3rd period - Wrist shot by Leon Draisaitl.
18:38 of 3rd period - Stopped by Logan Thompson with a rebound.
19:07 of 3rd period - San Jose Sharks, Logan Thompson is pulled from the net.
19:20 of 3rd period - Off-side.
19:21 of 3rd period - Jeff Blashill call a timeout for San Jose Sharks.
19:21 of 3rd period - Leon Draisaitl wins face-off versus Adam Henrique in neutral zone.
19:29 of 3rd period - Wrist shot by Adam Henrique.
19:29 of 3rd period - Stopped by Akira Schmid with a rebound.
19:43 of 3rd period - Adam Henrique is hit by Mitchell Marner and loses puck.
19:56 of 3rd period - Snap shot by Leon Draisaitl.
19:56 of 3rd period - Goal by Leon Draisaitl - Pittsburgh Penguins : 6 - San Jose Sharks : 4.
19:56 of 3rd period - Logan Thompson from San Jose Sharks was sent back in the game.
19:57 of 3rd period - Phillip Danault wins face-off versus Cody Glass in neutral zone.
Goals for this period are 4 for Pittsburgh Penguins vs 2 for San Jose Sharks.
Shots for this period are 17 for Pittsburgh Penguins vs 12 for San Jose Sharks.
Back to the Top